Map: King's Cove LE

Players

uThermal - Winner!

  • Race: Terran Terran
  • Spawn Location: 5:00

Lambo

  • Race: Zerg Zerg
  • Spawn Location: 11:00

Event: 2019 WCS Spring

VOD

Have the link to the VOD?

Description

Time

  • Played on: May 18, 2019, 10:12 a.m.
  • Length: 14:59

All games in this series

Show
View Real Time Build Order
Export as new Build Order

uThermal Terran - Winner!

Build Orders: Command Center First (CC), Liberator Opening 

Get SALT Encoding   

  12  0:01  SCV  
  13  0:13  SCV  
  14  0:17  Supply Depot  
  14  0:25  SCV  
  15  0:39  SCV  
  16  0:51  SCV  
  17  1:00  Command Center  
  17  1:03  SCV  
  18  1:13  Barracks  
  18  1:17  SCV  
  19  1:23  Refinery  
  19  1:29  SCV  
  19  1:32  Refinery  
  20  1:41  SCV  
  21  1:53  SCV  
  22  2:02  Reaper  
  22  2:06  Orbital Command  
  23  2:11  Orbital Command  
  23  2:20  Factory  
  23  2:31  SCV  
  23  2:44  SCV  
  23  2:47  Supply Depot  
  23  2:48  Barracks Reactor  
  23  2:49  SCV  
  25  2:56  SCV  
  25  3:01  SCV  
  26  3:08  SCV  
  26  3:09  Starport  
  27  3:13  SCV  
  28  3:20  SCV  
  28  3:22  Supply Depot  
  28  3:25  SCV  
  30  3:28  Hellion x2  
  30  3:29  Barracks Tech Lab  
  30  3:30  Liberator  
  30  3:33  SCV  
  35  3:37  SCV  
  35  3:39  Supply Depot  
  36  3:45  SCV  
  40  3:49  Hellion x2  
  40  3:50  Marine  
  40  3:51  SCV  
  46  4:00  SCV  
  47  4:03  SCV, Supply Depot  
  47  4:09  Marine, Stimpack  
  48  4:10  Hellion  
  48  4:11  Hellion  
  48  4:12  SCV  
  54  4:25  SCV  
  54  4:26  Command Center  
  54  4:27  SCV  
  56  4:33  Starport Reactor  
  56  4:37  SCV  
  57  4:39  SCV  
  57  4:43  Factory Tech Lab  
  57  4:44  Marine  
  58  4:47  Barracks  
  58  4:48  Barracks  
  58  4:49  SCV  
  58  4:51  SCV  
  60  4:52  Supply Depot  
  60  5:01  SCV  
  60  5:03  SCV  
  62  5:13  SCV  
  62  5:14  Siege Tank  
  58  5:15  SCV  
  57  5:23  Refinery, Engineering Bay  
  57  5:24  Refinery, Engineering Bay  
  57  5:25  Marine, SCV  
  57  5:28  SCV  
  58  5:34  Starport Reactor  
  58  5:37  Marine x2, SCV  
  58  5:40  Orbital Command, SCV  
  58  5:41  Barracks  
  58  5:42  Barracks  
  62  5:43  Marine x2  
  62  5:44  Marine  
  62  5:47  Siege Tank  
  62  5:49  SCV  
  69  5:51  Terran Infantry Armor Level 1, Terran Infantry Weapons Level 1  
  69  5:52  SCV  
  69  5:54  Marine  
  71  6:00  Supply Depot  
  71  6:01  Marine x2, SCV  
  75  6:04  SCV  
  75  6:05  Marine  
  75  6:08  Marine  
  75  6:10  Orbital Command  
  75  6:11  Combat Shield  
  77  6:12  Medivac  
  77  6:14  SCV  
  77  6:17  Armory  
  80  6:20  Marine x2  
  80  6:23  Supply Depot  
  82  6:26  SCV  
  82  6:27  Siege Tank  
  82  6:30  Barracks Reactor x2  
  82  6:32  SCV  
  87  6:33  Marine, Supply Depot  
  87  6:34  Marine  
  87  6:36  SCV  
  87  6:38  Medivac  
  87  6:39  Marine  
  93  6:45  Supply Depot  
  93  6:46  Marine  
  94  6:48  SCV  
  94  6:49  Supply Depot  
  94  6:50  Marine  
  94  6:51  Marine  
  94  6:52  Marine, SCV  
  99  6:56  SCV  
  99  6:57  Marine  
  99  6:59  Medivac, Siege Tank  
  106  7:03  Marine  
  106  7:08  Marine  
  108  7:09  Marine x4, Supply Depot  
  108  7:12  Marine, SCV  
  108  7:14  Medivac  
  116  7:17  Marine x2  
  116  7:21  Marine  
  118  7:26  Marine  
  118  7:27  Marine x2  
  118  7:31  Marine, Siege Tank, Barracks  
  118  7:32  Barracks  
  118  7:33  Barracks  
  118  7:34  Supply Depot  
  118  7:35  Marine x2  
  118  7:36  Marine  
  125  7:42  Marine  
  126  7:44  Marine  
  126  7:45  Marine x2  
  126  7:46  Marine, Supply Depot  
  126  7:47  Terran Infantry Weapons Level 2  
  126  7:49  Marine  
  126  7:50  Terran Infantry Armor Level 2  
  129  7:52  Marine  
  129  7:53  Marine  
  129  7:54  Marine  
  132  7:58  Supply Depot  
  132  8:00  Marine  
  132  8:05  Marine  
  134  8:07  Siege Tank, Command Center  
  134  8:11  Marine x3  
  140  8:15  Medivac  
  142  8:21  Medivac  
  142  8:22  Marine  
  145  8:32  Marine  
  145  8:33  Marine  
  141  8:34  Marine  
  141  8:37  SCV  
  141  8:42  Marine  
  141  8:43  Marine x3  
  141  8:45  Medivac  
  141  8:48  Marine  
  128  8:49  Marine  
  128  8:50  Marine x2  
  128  8:51  Medivac  
  128  8:55  Marine  
  123  8:56  Marine  
  123  8:57  Marine x2  
  123  8:59  Marine  
  123  9:01  Marine  
  123  9:03  Marine  
  123  9:05  Supply Depot  
  123  9:06  Supply Depot  
  123  9:07  Marine x3, Siege Tank  
  123  9:08  Marine  
  131  9:11  Marine  
  131  9:13  Marine  
  131  9:15  Terran Vehicle Weapons Level 1, Medivac  
  135  9:18  Marine  
  135  9:19  Marine x2  
  135  9:22  SCV  
  135  9:23  Marine  
  140  9:28  Medivac  
  140  9:29  Marine x2  
  144  9:32  Marine x2  
  144  9:34  Marine  
  144  9:37  Marine  
  144  9:38  Marine  
  149  9:39  Siege Tank  
  149  9:40  SCV x2  
  149  9:41  SCV  
  149  9:43  Planetary Fortress  
  149  9:44  Marine x5  
  160  9:49  Marine  
  160  9:50  Supply Depot  
  161  9:55  Marine, Supply Depot  
  161  9:56  Marine  
  161  9:58  Marine  
  164  10:03  Marine x2  
  164  10:04  Marine  
  167  10:12  Marine x6  
  167  10:13  Marine  
  159  10:14  Marine  
  159  10:16  Marine  
  159  10:18  Siege Tank  
  159  10:21  Marine x2  
  164  10:22  Marine  
  164  10:26  Terran Infantry Weapons Level 3  
  167  10:31  Marine x2  
  128  10:48  Marine x9  
  112  10:51  Marine  
  112  10:53  Marine, Medivac  
  114  11:02  Marine, Medivac  
  114  11:03  Siege Tank  
  110  11:06  Marine x7  
  110  11:07  SCV x2  
  110  11:08  SCV x2, Command Center  
  110  11:10  Marine x2  
  123  11:12  Marine x2  
  125  11:19  SCV  
  125  11:20  Marine  
  125  11:23  Marine, Medivac  
  125  11:24  Marine  
  131  11:26  Marine x2  
  131  11:27  Marine x4  
  131  11:28  Marine  
  131  11:30  Terran Infantry Armor Level 3  
  138  11:34  Marine  
  138  11:37  Marine  
  140  11:41  Marine x2, Medivac  
  140  11:42  Marine  
  140  11:46  Marine  
  146  11:47  Marine x4, Siege Tank  
  146  11:48  Marine  
  146  11:49  Marine  
  146  11:53  Marine  
  156  11:57  Marine  
  156  11:59  Marine  
  156  12:00  Marine x2  
  160  12:05  Marine  
  160  12:08  Marine x6, Medivac  
  164  12:11  Marine  
  164  12:14  Marine  
  164  12:15  Supply Depot x2  
  171  12:16  Marine  
  171  12:18  Marine x2  
  171  12:19  Factory, Siege Tank  
  177  12:26  Marine x2  
  177  12:27  Marine  
  177  12:28  Marine, Medivac  
  183  12:32  Marine x5  
  183  12:34  Marine  
  183  12:35  Marine  
  183  12:36  Marine  
  189  12:39  Medivac  
  190  12:44  Marine x2  
  190  12:47  Marine  
  190  12:58  Medivac  
  150  12:59  Marine x8  
  150  13:00  Marine  
  150  13:02  Marine x2, Siege Tank  
  150  13:04  Marine  
  152  13:16  Marine  
  152  13:17  Marine x6  
  152  13:18  Marine  
  152  13:19  Marine  
  161  13:20  Marine  
  156  13:31  Marine, Medivac  
  156  13:32  Marine  
  160  13:34  Marine, Siege Tank  
  160  13:35  Marine x3  
  160  13:36  Marine  
  160  13:37  Marine x3, Planetary Fortress  
  160  13:41  SCV x2  
  173  13:42  Marine  
  173  13:45  Marine  
  173  13:49  Marine x2  
  173  13:52  Factory Tech Lab  
  173  13:53  SCV  
  174  13:58  Marine x3  
  175  14:04  Marine x2  
  175  14:06  Siege Tank  
  177  14:10  Marine x2  
  177  14:13  Siege Tank  
  172  14:17  Marine x2  
  172  14:18  Marine x4  
  174  14:26  Marine, Medivac  
  174  14:27  Marine x3  
  174  14:28  Marine  
  173  14:33  Marine  
  173  14:35  Marine  
Show
View Real Time Build Order
Export as new Build Order

Lambo Zerg 

Build Orders: Pool First 

Get SALT Encoding   

  12  0:00  Drone  
  13  0:12  Overlord  
  13  0:17  Drone  
  14  0:31  Drone x2  
  16  0:40  Spawning Pool  
  15  0:45  Drone  
  15  0:49  Drone  
  17  1:09  Hatchery  
  16  1:12  Drone  
  17  1:28  Zergling x6  
  17  1:32  Queen  
  22  1:34  Extractor  
  21  1:40  Overlord  
  21  1:50  Drone  
  22  2:00  Drone  
  23  2:08  Queen  
  25  2:14  Drone  
  26  2:23  Drone x2  
  28  2:34  Drone x2  
  30  2:43  Drone x3  
  33  2:46  Metabolic Boost, Queen  
  35  2:53  Drone  
  35  3:01  Overlord  
  35  3:06  Drone  
  36  3:17  Hatchery  
  36  3:19  Drone x4  
  39  3:22  Drone x2  
  40  3:30  Overlord  
  40  3:34  Drone x2  
  42  3:41  Drone  
  42  3:47  Queen  
  45  3:49  Queen  
  45  3:53  Drone x4  
  51  3:56  Overlord  
  51  4:03  Overlord  
  51  4:04  Overlord  
  51  4:13  Overlord  
  51  4:16  Zergling x2  
  51  4:17  Zergling x6  
  55  4:23  Drone x2  
  57  4:26  Extractor  
  59  4:31  Drone x2  
  59  4:33  Drone x2  
  59  4:35  Queen  
  59  4:36  Evolution Chamber  
  59  4:37  Evolution Chamber  
  61  4:38  Drone  
  61  4:39  Drone  
  61  4:41  Drone  
  64  4:51  Drone x3, Spore Crawler  
  66  4:55  Spore Crawler  
  65  5:06  Drone x4  
  62  5:09  Drone x7  
  64  5:17  Drone  
  64  5:21  Drone x2  
  63  5:27  Zerg Ground Armor Level 1, Zerg Melee Weapons Level 1  
  63  5:31  Extractor, Drone x2  
  63  5:32  Drone, Extractor  
  64  5:40  Queen  
  64  5:41  Drone x3  
  69  5:49  Drone  
  70  5:51  Drone x3  
  70  5:52  Drone, Hatchery  
  70  5:55  Lair  
  73  5:58  Drone x2, Extractor  
  73  5:59  Drone  
  73  6:00  Zergling x2  
  73  6:01  Extractor  
  75  6:07  Baneling Nest  
  75  6:08  Drone x2  
  76  6:13  Drone  
  76  6:14  Zergling x2  
  76  6:15  Zergling x8  
  82  6:18  Overlord  
  82  6:19  Pneumatized Carapace  
  82  6:21  Overlord  
  82  6:24  Overlord  
  82  6:26  Overlord  
  82  6:28  Overlord  
  82  6:31  Overlord  
  82  6:32  Overlord  
  82  6:36  Overlord  
  82  6:39  Zergling x8  
  86  6:42  Zergling x6  
  89  6:50  Zergling x10  
  89  6:51  Zergling x2  
  89  6:52  Centrifical Hooks  
  95  6:57  Zergling x2  
  95  6:58  Baneling, Zergling x6  
  95  6:59  Baneling x6  
  99  7:04  Overlord  
  99  7:13  Zergling x14  
  105  7:21  Drone x5  
  109  7:24  Zerg Ground Armor Level 2  
  109  7:28  Drone x3  
  109  7:29  Drone  
  109  7:33  Hydralisk Den  
  109  7:35  Drone x3  
  111  7:40  Drone, Zerg Melee Weapons Level 2  
  111  7:42  Queen  
  114  7:47  Zergling x8  
  114  7:48  Baneling  
  118  7:52  Zergling x8  
  118  7:53  Baneling x3  
  118  7:55  Zergling x4  
  124  7:58  Zergling x2  
  125  8:07  Baneling x6  
  125  8:08  Zergling x18  
  133  8:14  Zergling x12  
  133  8:16  Baneling x6  
  133  8:17  Zergling x2  
  140  8:22  Zergling x2  
  140  8:23  Baneling x8  
  140  8:25  Zergling x4  
  138  8:28  Zergling x4  
  138  8:31  Zergling x12  
  138  8:32  Baneling x2  
  138  8:34  Zergling x4  
  148  8:36  Overlord  
  148  8:37  Zergling x2  
  137  8:42  Zergling x10  
  137  8:46  Zergling x2  
  119  8:50  Zergling x4  
  119  8:53  Zergling x2  
  119  8:54  Zergling x2  
  110  8:59  Zergling x10  
  110  9:01  Grooved Spines, Hydralisk x2  
  114  9:03  Infestation Pit  
  114  9:04  Hydralisk x2  
  117  9:13  Drone x7  
  117  9:14  Infestation Pit  
  123  9:17  Queen  
  123  9:19  Hydralisk  
  123  9:21  Baneling x4  
  127  9:24  Hydralisk x2  
  127  9:28  Hydralisk  
  127  9:29  Zergling x4  
  135  9:33  Baneling x8  
  135  9:35  Zergling x4  
  135  9:37  Baneling x4  
  137  9:38  Zergling x4  
  137  9:42  Zergling x8  
  137  9:44  Baneling x3  
  144  9:45  Zergling x2  
  144  9:46  Zergling x2  
  145  9:54  Hive  
  145  9:55  Zergling x10  
  145  9:56  Extractor  
  149  10:00  Zergling x12  
  149  10:03  Zergling x6  
  158  10:09  Zergling x10  
  158  10:12  Muscular Augments  
  143  10:15  Baneling x11  
  143  10:16  Baneling, Zergling x6  
  143  10:18  Zergling x2  
  143  10:21  Baneling x2  
  147  10:24  Zergling x2  
  148  10:29  Zergling x16  
  148  10:31  Zergling x8  
  158  10:38  Zergling x2  
  158  10:39  Zergling x4  
  158  10:42  Zergling x2  
  127  10:51  Zergling x8  
  127  10:52  Baneling x9  
  127  10:53  Zergling x6  
  131  10:57  Zergling x2  
  131  10:59  Zergling x8  
  131  11:00  Zergling x4  
  131  11:01  Zergling x4  
  129  11:04  Zergling x4  
  129  11:06  Baneling x8  
  129  11:08  Adrenal Glands  
  131  11:12  Zergling x4  
  133  11:18  Hatchery  
  133  11:20  Viper  
  133  11:24  Zergling x24  
  147  11:31  Extractor  
  146  11:38  Zerg Ground Armor Level 3  
  146  11:39  Zergling x14  
  152  11:42  Zergling x6  
  155  11:48  Zergling x2  
  155  11:49  Baneling x5  
  155  11:50  Baneling x3  
  156  11:54  Zergling x8  
  156  11:58  Zerg Missile Weapons Level 1  
  159  12:02  Overlord  
  159  12:03  Baneling x5  
  159  12:04  Overlord  
  159  12:08  Overlord  
  159  12:12  Overlord  
  159  12:15  Baneling x8  
  159  12:18  Zergling x2  
  159  12:19  Zergling x4  
  159  12:23  Baneling x5, Overlord x2  
  159  12:24  Zergling x6  
  159  12:25  Zergling x12  
  159  12:28  Zergling x8  
  172  12:33  Zergling x8  
  173  12:37  Zergling x8  
  173  12:38  Zergling x2  
  173  12:42  Zergling x6  
  181  12:46  Zergling x2  
  181  12:47  Zergling x2  
  170  12:51  Zergling x6  
  170  12:55  Zergling x2  
  170  12:56  Zergling x10  
  141  13:02  Zergling x10  
  135  13:05  Zergling x2  
  135  13:06  Zergling x2  
  135  13:09  Ultralisk Cavern  
  136  13:14  Viper x2  
  140  13:30  Baneling x8  
  140  13:33  Hydralisk  
  140  13:34  Spawning Pool, Hydralisk x2  
  136  13:38  Hatchery  
  136  13:39  Hydralisk  
  143  13:49  Hydralisk x3  
  143  13:54  Baneling x2  
  145  14:03  Drone x3  
  145  14:04  Drone x2  
  145  14:12  Hydralisk x6  
  145  14:16  Hydralisk  
  151  14:23  Zergling x16  
  157  14:29  Baneling x8  
  146  14:32  Hydralisk  
  146  14:33  Zergling x2  
Tags
 
Add a new tag
Caveats
  • Supply blocks, unpowered buildings, or Contaminate may cause inaccurate times.
  • Supply counts are checked every 10 seconds.